 Dungeon Crawl Stone Soup version 0.28-a0-1406-ga8dd43b1d0 (webtiles) character file.

Game seed: 4135502648580144153

5598 Morgenrath the Fighter (level 10, -6/93 HPs)
             Began as a Minotaur Berserker on Jan 6, 2022.
             Was a High Priest of Trog.
             Mangled by a two-headed ogre (26 damage)
             ... on level 9 of the Dungeon.
             The game lasted 01:07:53 (9825 turns).

Morgenrath the Fighter (Minotaur Berserker)         Turns: 9825, Time: 01:07:54

Health: -6/93      AC: 17    Str: 27    XL:     10   Next: 45%
Magic:  9/9        EV: 11    Int:  4    God:    Trog [*****.]
Gold:   0          SH:  0    Dex:  9    Spells: 9/9 levels left

rFire   + . .      SeeInvis .   b - +2 spear (venom)
rCold   . . .      Faith    .   (no shield)
rNeg    . . .      Spirit   .   N - +0 chain mail {rF+}
rPois   .          Reflect  .   (helmet restricted)
rElec   .          Harm     .   F - +0 cloak
rCorr   .          Rampage  .   (no gloves)
Will    .....                   Q - +0 pair of boots
Stlth   ..........              (no amulet)
HPRegen 0.25/turn               y - +4 ring of protection
MPRegen 0.11/turn               (no ring)

@: no status effects
A: horns 2, retaliatory headbutt
a: Renounce Religion, Berserk, Trog's Hand, Brothers in Arms


You were on level 9 of the Dungeon.
You worshipped Trog.
Trog was extremely pleased with you.
You visited 1 branch of the dungeon, and saw 9 of its levels.
You also visited: Ossuary.

You collected 264 gold pieces.
You spent 264 gold pieces at shops.

Inventory:

Hand Weapons
 a - a +0 hand axe
 b - a +2 spear of venom (weapon)
 c - a +0 hunting sling
 r - a +0 falchion of holy wrath
 D - a +0 whip of flaming
 G - a +1 vorpal flail
Missiles
 h - 261 stones (quivered)
 k - 33 sling bullets
 l - 2 throwing nets
 x - 32 poisoned darts
 A - 5 boomerangs
Armour
 o - a scarf of repulsion
 F - a +0 cloak (worn)
 N - a +0 chain mail of fire resistance (worn)
 P - a +1 ring mail of poison resistance
 Q - a +0 pair of boots (worn)
Magical Staves
 M - a staff of conjuration
Jewellery
 y - a +4 ring of protection (left hand)
 z - an amulet of guardian spirit
Wands
 C - a wand of polymorph (8)
Scrolls
 d - 6 scrolls of teleportation {unknown}
 f - a scroll of fog {unknown}
 i - 3 scrolls of amnesia {unknown}
 n - 2 scrolls of enchant armour {unknown}
 t - a scroll of magic mapping {unknown}
 v - a scroll of enchant weapon {unknown}
 E - a scroll of noise {unknown}
 K - a scroll of vulnerability {unknown}
 L - a scroll of silence {unknown}
 O - a scroll of fear {unknown}
Potions
 e - 3 potions of cancellation
 g - 3 potions of flight
 j - a potion of haste
 m - a potion of ambrosia
 p - 3 potions of might
 q - 2 potions of attraction
 s - 6 potions of curing
 u - 2 potions of mutation
 w - 3 potions of degeneration
 H - 4 potions of magic
 I - 2 potions of lignification
 J - 3 potions of heal wounds


   Skills:
 + Level 10.0 Fighting
 + Level 9.8 Axes
 - Level 0.4(6.1) Polearms
 - Level 2.0 Throwing
 + Level 6.6 Armour
 + Level 8.5 Dodging
 - Level 4.0 Shields
 + Level 4.5 Evocations


You had 9 spell levels left.
You didn't know any spells.
Your spell library contained the following spells:

 Spells                   Type           Power      Damage    Failure   Level
 Leda's Liquefaction      Hex/Erth       0%         N/A       100%        4
 Lee's Rapid Deconstruct  Erth           0%         3d5*      100%        5
 Statue Form              Tmut/Erth      0%         N/A       100%        6


Dungeon Overview and Level Annotations

Branches:
Dungeon (9/15)             Temple (0/1) D:7         Ossuary (visited)
   Lair: D:8-11         Orc: D:9-12

Altars:
Fedhas
Ru
Trog
Zin

Shops:
D:8 [

Annotations:
D:2 1 runed translucent door, Crazy Yiuf
D:9 Maurice


Innate Abilities, Weirdness & Mutations

You have a pair of horns on your head.
You reflexively headbutt those who attack you in melee.


Message History

The two-headed ogre completely misses you.
You puncture the two-headed ogre!
The two-headed ogre looks as sick as possible!
The two-headed ogre is heavily wounded.
A five-headed hydra comes into view.
Maurice shouts, "Mine, all mine!"
The two-headed ogre hits you with a +0 giant club!
The two-headed ogre hits you with a +0 giant club!!
You closely miss Maurice. Maurice hits you but does no damage.
You hit Maurice. You headbutt Maurice, but do no damage.
Maurice is lightly wounded.
Maurice hits you with a +0 short sword.
Maurice steals 38 gold pieces!
You now have 0 gold pieces.
The two-headed ogre hits you with a +0 giant club.
The two-headed ogre hits you with a +0 giant club!
You hit Maurice.
Maurice is poisoned.
Your headbutt misses Maurice.
Maurice is lightly wounded.
Maurice hits you but does no damage.
You hit Maurice.
Maurice looks as sick as possible!
Your headbutt misses Maurice.
Maurice is moderately wounded.
The two-headed ogre hits you with a +0 giant club!
The two-headed ogre hits you with a +0 giant club.
Maurice hits you with a +0 short sword!
Maurice steals your 2 scrolls labelled XESHYH NAILE!
You hit Maurice.
Maurice looks as sick as possible!
Your headbutt misses Maurice. Your punch misses Maurice.
Maurice is moderately wounded.
The two-headed ogre hits you but does no damage.
The two-headed ogre hits you with a +0 giant club!
* * * LOW HITPOINT WARNING * * *
You hit Maurice.
Maurice looks as sick as possible!
Maurice is moderately wounded.
Maurice hits you with a +0 short sword.
* * * LOW HITPOINT WARNING * * *
Maurice steals 71 of your 104 sling bullets!
You hit Maurice but do no damage.
Maurice is heavily wounded.
The two-headed ogre hits you with a +0 giant club!!
You die...

#...#### ..#
##......##.##
#...........##
#............#
#..........#..
#..........#
#.........##
#........##
#..@....##
#.T@O..##
#.....##
##....# #...##
###..# #.#..#
#....# #....#


You could see Maurice (swift, extremely poisoned), a two-headed ogre (very
poisoned) and a troll.

Vanquished Creatures
  A boulder beetle (D:8)
  Harold (D:7)
  Pikel (D:4)
  Prince Ribbit (D:6)
  Eustachio (D:4)
  Edmund (D:5)
  A water moccasin (D:7)
  An orc warrior (D:7)
  6 sky beasts
  2 ice beasts
  2 ogres
  3 necrophages
  2 centaurs
  An elf zombie (Ossuary)
  2 scorpions
  3 bullfrogs
  6 killer bees (D:7)
  2 water moccasin skeletons
  3 howler monkeys (D:8)
  2 bullfrog zombies
  4 centaur zombies
  3 hounds
  2 human zombies (Ossuary)
  3 orc priests
  3 jellies
  A gnoll shaman (D:8)
  4 iguanas
  6 orc wizards
  2 killer bee zombies
  2 mummies (Ossuary)
  3 gnolls (D:8)
  A shadow imp (D:7)
  2 white imps (D:5)
  4 ufetubi
  2 dart slugs (D:1)
  20 orcs
  3 ball pythons
  8 endoplasms
  4 giant cockroaches
  6 goblins
  5 hobgoblins
  10 jackals
  4 quokkas
  6 bats
  7 frilled lizards
  10 hobgoblin zombies (Ossuary)
  2 jackal zombies (Ossuary)
  9 kobolds
  12 kobold zombies (Ossuary)
  6 orc zombies (Ossuary)
  13 rats
  2 rat zombies (Ossuary)
  2 bushes (D:8)
213 creatures vanquished.

Notes
Turn   | Place    | Note
-------+----------+-------------------------------------------
     0 | D:1      | Morgenrath the Minotaur Berserker began the quest for the
                  | Orb.
     0 | D:1      | Reached XP level 1. HP: 19/19 MP: 0/0
   357 | D:1      | Reached XP level 2. HP: 26/27 MP: 1/1
   379 | D:1      | Reached skill level 4 in Fighting
   804 | D:1      | Reached ** piety under Trog
   805 | D:1      | Reached XP level 3. HP: 22/33 MP: 2/2
  1501 | D:2      | Reached XP level 4. HP: 39/41 MP: 3/3
  1775 | D:2      | Found a faded altar of an unknown god.
  1911 | D:2      | Found a runed translucent door.
  1912 | D:2      | Noticed Crazy Yiuf
  2323 | D:3      | Found a sacrificial altar of Ru.
  2625 | D:3      | Found a glowing drain.
  2777 | D:3      | Reached XP level 5. HP: 45/47 MP: 4/4
  2838 | D:3      | Reached *** piety under Trog
  3156 | D:4      | Reached skill level 1 in Throwing
  3156 | D:4      | Reached skill level 1 in Shields
  3189 | D:4      | Noticed a necrophage
  3202 | D:4      | Killed a necrophage
  3203 | D:4      | Reached skill level 1 in Evocations
  3203 | D:4      | Reached XP level 6. HP: 53/55 MP: 5/5
  3231 | D:4      | Noticed Eustachio
  3261 | D:4      | Killed Eustachio
  3262 | D:4      | Reached skill level 5 in Fighting
  3262 | D:4      | Reached skill level 5 in Axes
  3526 | D:4      | Noticed Pikel
  3544 | D:4      | Killed Pikel
  3545 | D:4      | Reached skill level 6 in Fighting
  3545 | D:4      | Reached skill level 5 in Armour
  3545 | D:4      | Reached XP level 7. HP: 64/64 MP: 6/6
  3619 | D:4      | Reached XP level 8. HP: 66/71 MP: 7/7
  3885 | D:5      | Entered Level 5 of the Dungeon
  3892 | D:5      | Reached skill level 5 in Dodging
  4067 | D:5      | Noticed Edmund
  4086 | D:5      | Killed Edmund
  4239 | D:5      | Found a sand-covered staircase.
  4248 | Ossuary  | Entered an ossuary
  4387 | Ossuary  | Reached skill level 7 in Fighting
  4457 | Ossuary  | Reached **** piety under Trog
  5437 | D:6      | Noticed a moth of wrath
  5440 | D:6      | Found a bloodstained altar of Trog.
  5547 | D:6      | Reached XP level 9. HP: 60/79 MP: 8/8
  5943 | D:6      | Reached ***** piety under Trog
  5950 | D:6      | Noticed Prince Ribbit
  5962 | D:6      | Killed Prince Ribbit
  5963 | D:6      | Reached skill level 8 in Fighting
  6108 | D:6      | Found a glowing silver altar of Zin.
  7044 | D:7      | Found a staircase to the Ecumenical Temple.
  7073 | D:7      | Reached skill level 9 in Fighting
  7490 | D:7      | Noticed Harold
  7510 | D:7      | Killed Harold
  7511 | D:7      | Reached XP level 10. HP: 44/91 MP: 9/9
  8785 | D:8      | Found a blossoming altar of Fedhas.
  9292 | D:8      | Noticed a boulder beetle
  9312 | D:8      | Killed a boulder beetle
  9313 | D:8      | Reached skill level 10 in Fighting
  9528 | D:8      | Found Ceackeacs's Antique Armour Emporium.
  9534 | D:8      | Bought a runed ring mail for 161 gold pieces
  9534 | D:8      | Bought a pair of boots for 103 gold pieces
  9804 | D:9      | Noticed a two-headed ogre
  9807 | D:9      | Noticed Maurice
  9810 | D:9      | Noticed a five-headed hydra
  9825 | D:9      | Mangled by a two-headed ogre

Illustrated notes

Levels and vault maps discovered:
D:1:      minmay_arrival_open_corners, layout_basic, minmay_crystal_room
D:2:      layout_loops_ring, dreamdust_ecumenical_altar_statues,
          supply_closet_lemuel, grunt_decor_fettered, item_on_display_a,
          uniq_crazy_yiuf_cottage
D:3:      layout_loops_corners, nicolae_ru_path_of_blood,
          cheibrodos_sewer_entry_bend, minmay_tree_intersection, minmay_vboxes
D:4:      layout_basic, uniq_eustachio, uniq_pikel
D:5:      layout_basic, enter_ossuary_1, uniq_edmund
D:6:      layout_basic, tgw_trog, zin_treasury, uniq_prince_ribbit1
D:7:      layout_basic, minmay_temple_entry_mist, uniq_harold
D:8:      layout_loops_ring, fedhas_bush_and_centaur_altar, serial_shops, shop
D:9:      minmay_chambers_of_sixes, layout_cave_pods,
          grunt_temple_overflow_open, uniq_maurice

Skill      XL: |  1  2  3  4  5  6  7  8  9 10 |
---------------+-------------------------------+-----
Fighting       | 4 6 7 9 10 | 10.0
Axes           | 4 5 6 7 9 |  9.8
Armour         | 3 5 6 |  6.6
Dodging        | 3 4 6 7 8 |  8.5
Throwing       | 1 2 |  2.0
Shields        | 1 2 4 |  4.0
Evocations     | 1 2 3 4 |  4.5
Polearms       | |  0.4

Action                   |  1- 3 |  4- 6 |  7- 9 | 10-12 || total
-------------------------+-------+-------+-------+-------++-------
Melee: Hand axe          |    87 |    25 |       |       ||   112
       Headbutt          |    10 |    14 |    74 |    56 ||   154
       Spear             |       |   115 |   383 |   169 ||   667
       Punch             |       |     2 |     7 |     3 ||    12
Throw: Stone             |       |     4 |       |       ||     4
  Use: Scroll            |     1 |       |     8 |     2 ||    11
 Stab: Sleeping          |     2 |       |       |       ||     2
Armor: Animal skin       |    21 |     5 |       |       ||    26
       Plate armour      |       |    74 |   226 |       ||   300
       Skin              |       |    26 |       |       ||    26
       Chain mail        |       |       |       |    59 ||    59
Dodge: Dodged            |    64 |    57 |   138 |    40 ||   299

Table legend: (Time is in decaauts)
 A = Elapsed time spent in this place.
 B = Non-inter-level travel time spent in this place.
 C = Inter-level travel time spent in this place.
 D = Time resting spent in this place.
 E = Time spent auto-exploring this place.
 F = Levels seen in this place.
 G = Mean time per level.
                   A        B        C        D        E       F      G
               +--------+--------+--------+--------+--------+-----+--------+
         Total |   9756 |   9756 |      0 |    712 |   6580 |  10 |  975.6 |
       Dungeon |   9459 |   9459 |      0 |    712 |   6576 |   9 | 1051.0 |
       Ossuary |    297 |    297 |      0 |      0 |      4 |   1 |  297.0 |
               +--------+--------+--------+--------+--------+-----+--------+

Top non-repeatable levels by time:
     D:7: 2157 daAuts
     D:8: 1201 daAuts
     D:5: 1190 daAuts
     D:1: 1132 daAuts
     D:2: 1003 daAuts
     D:3: 988 daAuts
     D:6: 976 daAuts
     D:4: 770 daAuts
 Ossuary: 297 daAuts
     D:9: 38 daAuts
